 Dungeon Crawl Stone Soup version 0.30-a0-335-ge5acde7520 (webtiles) character file.

Game seed: 13801966876196073552

126 ragingrage the Trooper (level 5, -2/42 HPs)
             Began as a Djinni Wanderer on Oct 30, 2022.
             Slain by an iguana (4 damage)
             ... on level 3 of the Dungeon.
             The game lasted 00:03:24 (1661 turns).

ragingrage the Trooper (Djinni Wanderer)            Turns: 1661, Time: 00:03:25

Health: -2/42      AC:  3    Str: 10    XL:     5   Next: 31%
Gold:   61         EV: 12    Int: 10    God:
                   SH:  0    Dex: 21

rFire   + + .      SeeInvis .    a - +0 sling
rCold   . . .      Faith    .    (no shield)
rNeg    . . .      Spirit   .    k - +1 robe {rC+}
rPois   ∞          Reflect  .    (helmet restricted)
rElec   .          Harm     .    (no cloak)
rCorr   .          Rampage  .    (no gloves)
Will    .....                    (boots unavailable)
Stlth   ++........               (no amulet)
HPRegen 0.27/turn                (no ring)
MPRegen 0.00/turn                (no ring)

@: flying
A: sickness immunity, fire resistance 2, cold vulnerability 1, float, innate
caster, HP casting, extra vitality 1, horns 1, agile 1, evolution 1
a: no special abilities


You were on level 3 of the Dungeon.
You visited 1 branch of the dungeon, and saw 3 of its levels.

You collected 61 gold pieces.

Inventory:

Hand Weapons
 a - a +0 sling (weapon)
 b - a +2 vorpal falchion
Missiles
 p - 6 poisoned darts
Armour
 k - a +1 robe of cold resistance (worn)
Magical Staves
 m - a staff of cold
 r - a staff of fire
Wands
 g - a wand of flame (24)
Scrolls
 e - a scroll of teleportation {unknown}
 i - 2 scrolls of fear {unknown}
 l - a scroll of poison {unknown}
 n - a scroll of magic mapping {unknown}
Potions
 d - 3 potions of haste
 f - 2 potions of mutation
 h - a potion of heal wounds {unknown}
 j - a potion of resistance {unknown}
 o - a potion of berserk rage {unknown}
 q - a potion of lignification {unknown}
Miscellaneous
 c - a piece from Xom's chessboard (13/15)


   Skills:
 + Level 4.5 Fighting
 - Level 1.5 Ranged Weapons
 - Level 3.0 Armour
 - Level 1.1 Dodging
 + Level 1.4 Spellcasting
 - Level 2.0 Evocations


You had 3 spell levels left.
You knew the following spells:

 Your Spells              Type           Power      Damage    Failure   Level
a - Magic Dart            Conj           12%        1d3       19%         1
b - Blink                 Tloc           6%         N/A       28%         2
Your spell library was empty.

Dungeon Overview and Level Annotations

Branches:
Dungeon (3/15)

Altars:


Innate Abilities, Weirdness & Mutations

You are immune to sickness and miasma.
You are immune to poison.
Your flesh is very heat resistant. (rF++)
You are vulnerable to cold. (rC-)
You float through the air rather than walking.
You learn spells naturally, not from books.
Your magical power is your life essence.
You have superior vitality. (+4 MHP)
You have a pair of small horns on your head.
You are agile. (Dex +4, Str/Int -1)
You have hidden genetic potential.


Message History

You are too injured to fight recklessly!
You are too injured to fight recklessly!
Casting: Magic Dart (safe; 17% risk of failure)
Confirm with . or Enter, or press ? or * to list all spells.
Aiming: Magic Dart (safe; 17% risk of failure)
Press: ? - help, Shift-Dir - straight line, f/p - iguana
Aim: an iguana (severely wounded, 100% to hit)
The magic dart hits the iguana but does no damage.
The iguana is severely wounded.
The iguana bites you!
Casting: Magic Dart (safe; 17% risk of failure)
Confirm with . or Enter, or press ? or * to list all spells.
Aiming: Magic Dart (safe; 17% risk of failure)
Press: ? - help, Shift-Dir - straight line, f/p - iguana
Aim: an iguana (severely wounded, 100% to hit)
The magic dart hits the iguana.
The iguana is almost dead.
The iguana bites you.
* * * LOW HITPOINT WARNING * * *
Fire: a) +0 sling
Press: ? - help, Q - select action, (/) - cycle Shift-Dir - straight line, f/p - iguana
Aim: an iguana (almost dead, 63% to hit)
You shoot a sling bullet.
The sling bullet hits the iguana but does no damage.
The iguana is almost dead.
The iguana bites you!
* * * LOW HITPOINT WARNING * * *
Fire: a) +0 sling
Press: ? - help, Q - select action, (/) - cycle Shift-Dir - straight line, f/p - iguana
Aim: an iguana (almost dead, 63% to hit)
Okay, then.
Casting: Magic Dart (safe; 17% risk of failure)
Confirm with . or Enter, or press ? or * to list all spells.
You don't have enough health to cast this spell.
It was a potion of mutation.
You feel extremely strange. A pair of horns grows on your head!
You feel a hidden potential growing inside you.
You feel agile. The iguana bites you.
You die...

# ##############.##
#####...........@l..#
......#.##########.##
######...## $.
..........# ##
######...######...
######..........#
........######..#
...##...####....# . .
##..#.#.#.#.##.#.#


You could see an iguana.

Vanquished Creatures
  A hound (D:2)
  Terence (D:3)
  2 adders
  A dart slug (D:3)
  6 ball pythons
  3 bats
  5 endoplasms
  3 giant cockroaches
  6 goblins
  7 hobgoblins
  A quokka (D:2)
  3 frilled lizards
  7 kobolds
  10 rats
56 creatures vanquished.

Notes
Turn   | Place    | Note
-------+----------+-------------------------------------------
     0 | D:1      | ragingrage the Djinni Wanderer began the quest for the Orb.
     0 | D:1      | ragingrage set off with the following items: a +0 sling, a
                  | +0 chain mail, a piece from Xom's chessboard (15/15), a
                  | potion of haste.
     0 | D:1      | Reached XP level 1. HP: 18/18 MP: 0/0
    17 | D:1      | You are sucked into a shaft and drop 1 floor!
    25 | D:2      | Noticed a hound
    45 | D:2      | Killed a hound
    46 | D:2      | Reached skill level 3 in Fighting
    46 | D:2      | Reached XP level 2. HP: 19/25 MP: 0/0
    46 | D:2      | Reached XP level 3. HP: 22/30 MP: 0/0
    46 | D:2      | Learned a level 1 spell: Magic Dart
   189 | D:2      | Reached XP level 4. HP: 37/37 MP: 0/0
   309 | D:2      | Reached skill level 4 in Fighting
   939 | D:1      | Reached skill level 1 in Spellcasting
  1060 | D:1      | Found a faded altar of an unknown god.
  1545 | D:3      | Noticed Terence
  1560 | D:3      | Killed Terence
  1561 | D:3      | Reached XP level 5. HP: 42/42 MP: 0/0
  1561 | D:3      | Learned a level 2 spell: Blink
  1660 | D:3      | HP: 2/42 [iguana (8)]
  1661 | D:3      | Gained mutation: You have a pair of small horns on your
                  | head. [potion of mutation]
  1661 | D:3      | Gained mutation: You have hidden genetic potential. [potion
                  | of mutation]
  1661 | D:3      | Gained mutation: You are agile. (Dex +4, Str/Int -1)
                  | [potion of mutation]
  1661 | D:3      | Slain by an iguana

Illustrated notes

Levels and vault maps discovered:
D:1:      dpeg_arrival_stonehenge_12_columns, layout_loops_cross,
          shapermc_ecumenical_altar_rom_forum, nicolae_eternal_life,
          kennysheep_nondescript
D:2:      layout_basic
D:3:      layout_loops_ring, st_stairs_9, minivault_19,
          chequers_serial_rivers_room_b, chequers_mini_garden,
          dreamdust_princess_bridge, serial_park_tiny_2, uniq_terence

Skill      XL: |  1  2  3  4 |
---------------+-------------+-----
Fighting       | 3 4 |  4.5
Spellcasting   | 1 |  1.4
Ranged Weapons | |  1.5
Armour         | |  3.0
Dodging        | |  1.1
Evocations     | |  2.0

Action                   |  1- 3 |  4- 6 || total
-------------------------+-------+-------++-------
Melee: Falchion          |       |     2 ||     2
 Fire: Sling             |    30 |   137 ||   167
Throw: Dart              |       |     6 ||     6
 Cast: Magic Dart        |       |     2 ||     2
Evoke: Piece from Xom's  |     8 |     1 ||     9
  Use: Potion            |       |     1 ||     1
 Stab: Confused          |       |     1 ||     1
Armor: Chain mail        |    47 |    21 ||    68
       Robe              |       |    14 ||    14
Dodge: Dodged            |    19 |    42 ||    61

Table legend: (Time is in decaauts)
 A = Elapsed time spent in this place.
 B = Non-inter-level travel time spent in this place.
 C = Inter-level travel time spent in this place.
 D = Time resting spent in this place.
 E = Time spent auto-exploring this place.
 F = Levels seen in this place.
 G = Mean time per level.
                   A        B        C        D        E       F      G
               +--------+--------+--------+--------+--------+-----+--------+
         Total |   1754 |   1682 |     72 |    104 |   1134 |   3 |  584.7 |
       Dungeon |   1754 |   1682 |     72 |    104 |   1134 |   3 |  584.7 |
               +--------+--------+--------+--------+--------+-----+--------+

Top non-repeatable levels by time:
     D:1: 876 daAuts
     D:2: 654 daAuts
     D:3: 222 daAuts
